 Dungeon Crawl Stone Soup version 0.29.1-1-gd02db6906a (webtiles) character file.

Game seed: 6637677064481826087

413 Earthwalker the Slasher (level 6, -6/56 HPs)
             Began as a Minotaur Fighter on Oct 6, 2022.
             Mangled by a two-headed ogre
             ... wielding a +0 giant spiked club
              (34 damage)
             ... on level 4 of the Dungeon.
             The game lasted 00:16:50 (4331 turns).

Earthwalker the Slasher (Minotaur Fighter)          Turns: 4331, Time: 00:16:51

Health: -6/56      AC:  7    Str: 20    XL:     6   Next: 59%
Magic:  0/5        EV:  9    Int:  5    God:
Gold:   226        SH:  6    Dex: 12    Spells: 5/5 levels left

rFire   . . .      SeeInvis +   a - +1 long sword
rCold   . . .      Faith    .   c - +1 buckler
rNeg    . . .      Spirit   +   b - +0 scale mail
rPois   .          Reflect  .   (helmet restricted)
rElec   .          Harm     .   (no cloak)
rCorr   .          Rampage  .   (no gloves)
Will    .....                   (no boots)
Stlth   ..........              q - amulet of guardian spirit
HPRegen 0.18/turn               p - ring of see invisible
MPRegen 0.09/turn               u - ring of wizardry

@: no status effects
A: horns 2, retaliatory headbutt
a: no special abilities


You were on level 4 of the Dungeon.
You visited 1 branch of the dungeon, and saw 5 of its levels.

You collected 226 gold pieces.

Inventory:

Hand Weapons
 a - a +1 long sword (weapon)
Armour
 b - a +0 scale mail (worn)
 c - a +1 buckler (worn)
 f - an orb of mayhem
Magical Staves
 g - a staff of poison
 o - a staff of air
Jewellery
 i - a ring of magical power
 p - a ring of see invisible (left hand)
 q - an amulet of guardian spirit (around neck)
 u - a ring of wizardry (right hand)
Scrolls
 j - 3 scrolls of teleportation
 n - 2 scrolls of noise
 r - 2 scrolls of magic mapping
 t - 2 scrolls of butterflies
Potions
 d - a potion of might
 e - a potion of magic {unknown}
 h - a potion of resistance {unknown}
 k - 6 potions of curing {unknown}
 l - 4 potions of attraction {unknown}
 m - 3 potions of degeneration {unknown}
 s - 3 potions of mutation {unknown}
 v - a potion of cancellation {unknown}


   Skills:
 + Level 5.0 Fighting
 + Level 6.1 Long Blades
 + Level 5.1 Armour
 + Level 0.8 Dodging
 + Level 0.1 Stealth
 + Level 4.7 Shields


You had 5 spell levels left.
You didn't know any spells.
Your spell library contained the following spells:

 Spells                   Type           Power      Damage    Failure   Level
 Conjure Flame            Conj/Fire      0%         6-21      89%         3
 Ignite Poison            Fire/Tmut/Pois 0%         N/A       89%         3
 Inner Flame              Hex/Fire       0%         N/A       89%         3
 Anguish                  Hex/Necr       0%         N/A       99%         4


Dungeon Overview and Level Annotations

Branches:
Dungeon (5/15)
 Temple: D:4-7

Altars:
Qazlal

Shops:
D:1 (


Innate Abilities, Weirdness & Mutations

You have a pair of horns on your head.
You reflexively headbutt those who attack you in melee.


Message History

You start waiting.
Your hearing returns.
As you read the scroll labelled UHOKEBREUSH, it crumbles to dust.
You assume a fearsome visage.
Nothing appears to happen.
It was a scroll of fear.
Okay, then.
You climb downwards.
Found a blackened agate ring and a dented pearl amulet.
There is a stone staircase leading up here.
Found a stone staircase leading down.
p - a ring of see invisible
There are no items here.
There is a stone staircase leading up here.
q - an amulet of guardian spirit
There are no items here.
You start putting on your amulet.
You continue putting on your amulet of guardian spirit. x5
You finish putting on your amulet of guardian spirit.
You feel your power drawn to a protective spirit.
q - an amulet of guardian spirit (around neck)
You remove your ring of magical power.
You feel your magic capacity decrease.
p - a ring of see invisible (left hand)
A two-headed ogre and an adder come into view.
Found 19 gold pieces.
Found an escape hatch in the ceiling.
The two-headed ogre shouts in stereo!
The adder hisses angrily.
There is a stone staircase leading up here.
The two-headed ogre hits you with a +0 giant spiked club!
The two-headed ogre hits you with a +0 giant club!!
You climb upwards.
There is a stone staircase leading down here.
You slash the two-headed ogre!
The two-headed ogre is lightly wounded.
You hit the two-headed ogre but do no damage.
The two-headed ogre is lightly wounded.
The two-headed ogre barely misses you. The two-headed ogre closely misses you.
You slash the two-headed ogre! You headbutt the two-headed ogre.
The two-headed ogre is moderately wounded.
The two-headed ogre hits you with a +0 giant spiked club!!!
Ouch! That really hurt!
You die...

..###...§.§§..## #.....##.##..#.
........§§§§~..# #..............
...##.......~..# #......####..#.
.#.##..........# ##.....####....
.#.####.#.##.#.# #...........#.
.............#.# ##.#........#.
.#.####.#.##.#.#####..#.#####..#.
.#.######.##.#.O.....##.### #.##.
...........#.#.#@.........###.##.
.#.######..#.#.#######...........
.#.######..#.......# #.########'#
..........^....###.# #.####...#.#
.###.####..##..###.###.##....##.#
..##.####...).......##.##....##)#
.......................#....)#...
.....##.#.###<......##.######....
..........####.##.#....'.........


You could see a two-headed ogre.

Vanquished Creatures
  A black bear (D:4)
  An orc priest (D:4)
  A hound (D:4)
  Jessica (D:3)
  An iguana (D:4)
  Robin (D:2)
  2 adders
  3 gnolls (D:2)
  6 worms
  3 dart slugs
  8 orcs
  5 bats
  9 endoplasms
  2 giant cockroaches
  17 goblins
  9 hobgoblins
  10 jackals
  2 quokkas
  11 ball pythons
  15 frilled lizards
  10 kobolds
  2 rats (D:1)
120 creatures vanquished.

Notes
Turn   | Place    | Note
-------+----------+-------------------------------------------
     0 | D:1      | Earthwalker the Minotaur Fighter began the quest for the
                  | Orb.
     0 | D:1      | Reached XP level 1. HP: 19/19 MP: 0/0
   252 | D:1      | Reached XP level 2. HP: 27/27 MP: 1/1
   394 | D:1      | Found a faded altar of an unknown god.
   648 | D:1      | Reached skill level 3 in Long Blades
   648 | D:1      | Reached XP level 3. HP: 33/33 MP: 2/2
   919 | D:1      | Found Elidaesk's Weapon Shop.
  1399 | D:2      | Reached XP level 4. HP: 34/40 MP: 3/3
  1511 | D:2      | Reached skill level 4 in Long Blades
  1656 | D:2      | Noticed Robin
  1786 | D:2      | Killed Robin
  2085 | D:3      | Noticed Jessica
  2100 | D:3      | Killed Jessica
  2101 | D:3      | Reached XP level 5. HP: 36/47 MP: 4/4
  2558 | D:3      | Identified the +3 dagger of the Supporting Gods {vamp,
                  | Fragile rCorr Dex+4}
  2680 | D:4      | Reached skill level 5 in Long Blades
  2682 | D:4      | Noticed a black bear
  2699 | D:4      | Killed a black bear
  2700 | D:4      | Reached XP level 6. HP: 12/55 MP: 5/5
  3112 | D:4      | Got the Textbook on the Fey Arsonist
  3239 | D:4      | Found a stormy altar of Qazlal.
  3605 | D:4      | Reached skill level 5 in Armour
  3716 | D:4      | Reached skill level 5 in Fighting
  3716 | D:4      | Reached skill level 6 in Long Blades
  4245 | D:5      | Entered Level 5 of the Dungeon
  4311 | D:5      | Noticed a two-headed ogre
  4331 | D:4      | Mangled by a two-headed ogre

Illustrated notes

Levels and vault maps discovered:
D:1:      lemuel_arrival_room, layout_loops_ring, serial_shops,
          nicolae_shop_crystal, dreamdust_ecumenical_altar_angels_and_demons
D:2:      layout_basic, minmay_lizard_king, uniq_robin
D:3:      layout_rooms, minmay_crystal_water, uniq_jessica
D:4:      layout_basic, nicolae_qazlal_scattered_showers, minmay_pentangle
D:5:      layout_basic, minmay_temple_entry_mist

Skill      XL: |  1  2  3  4  5  6 |
---------------+-------------------+-----
Shields        | 4 |  4.7
Fighting       | 4 5 |  5.0
Long Blades    | 3 4 5 6 |  6.1
Armour         | 4 5 |  5.1
Dodging        | |  0.8
Stealth        | |  0.1

Action                   |  1- 3 |  4- 6 || total
-------------------------+-------+-------++-------
Melee: Long sword        |   122 |   169 ||   291
       Headbutt          |    15 |    32 ||    47
  Use: Scroll            |     3 |     7 ||    10
Armor: Scale mail        |    51 |    72 ||   123
Dodge: Dodged            |    63 |    65 ||   128
Block: Buckler           |    30 |    44 ||    74
